 Dungeon Crawl Stone Soup version 0.32-a0-540-g866d13106e (webtiles) character file.

Game seed: 13907618440670724244

280 sleeves the Ducker (level 6, -1/30 HPs)
             Began as a Felid Shapeshifter on Feb 28, 2024.
             Slain by an orc priest
             ... wielding a +0 club
              (4 damage)
             ... on level 4 of the Dungeon.
             The game lasted 00:04:58 (3475 turns).

sleeves the Ducker (Felid Shapeshifter)             Turns: 3475, Time: 00:04:59

Health: -1/30      AC:  2    Str: 10    XL:     6   Next: 5%
Magic:  7/7        EV: 20    Int: 13    God:
Gold:   205        SH:  0    Dex: 18    Spells: 5/5 levels left
                                        Lives:  0   Deaths: 2

rFire   . .          .
                       - Unarmed
rCold   . . .        (shield unavailable)
rNeg    . . .        (body armour unavailable)
rPois   .            (helmet unavailable)
rElec   .            (cloak unavailable)
rCorr   .            (gloves unavailable)
SInv    +            (boots unavailable)
Will    .....        (no amulet)
Stlth   +++          (no ring)
HPRegen 0.25/turn    (no ring)
MPRegen 0.10/turn

%: no passive effects
@: beast-form
A: beast (slay +1), very small, claws 1, fangs 3, see invisible, shaggy fur 2,
stealthy paws, no weapons or thrown items, no armour, multi-lived
a: Begin Untransformation, Convert to Beogh


You were on level 4 of the Dungeon.
You were a hulking beast.
You visited 1 branch of the dungeon, and saw 4 of its levels.

You collected 205 gold pieces.

Inventory:

Talismans
 b - a beast talisman (active)
 c - a flux talisman
Wands
 u - a wand of flame (19)
   (You found it on level 4 of the Dungeon)
Scrolls
 d - 4 scrolls of identify {unknown}
 j - a scroll of enchant weapon {unknown}
 k - a scroll of brand weapon {unknown}
 l - 2 scrolls of poison {unknown}
 m - a scroll of enchant armour {unknown}
 o - a scroll of vulnerability {unknown}
 p - a scroll of immolation {unknown}
 s - a scroll of teleportation {unknown}
 t - a scroll of fear {unknown}
Potions
 a - 6 potions of curing {unknown}
 f - 4 potions of degeneration {unknown}
 g - 3 potions of heal wounds {unknown}
 h - 2 potions of attraction {unknown}
 i - a potion of might {unknown}
 n - a potion of enlightenment {unknown}
 q - a potion of cancellation {unknown}
 r - a potion of magic {unknown}


   Skills:
 - Level 1.0 Fighting
 + Level 5.3 Dodging
 + Level 4.7 Stealth
 + Level 4.6 Unarmed Combat
 - Level 2.6 Shapeshifting


You had 5 spell levels left.
You didn't know any spells.
Your spell library contained the following spells:

 Spells                   Type           Power      Damage    Failure   Level
 Fugue of the Fallen      Necr           0%         N/A       67%         3
 Ozocubu's Armour         Ice            0%         N/A       67%         3
 Manifold Assault         Tloc           0%         N/A       97%         4


Dungeon Overview and Level Annotations

Branches:
Dungeon (4/15)
 Temple: D:4-7

Altars:

Annotations:
D:3 Eustachio


Innate Abilities, Weirdness & Mutations

You are a hulking beast.
Your limbs bulge with bestial killing power. (Slay +1)
You have sharp claws.
You have razor-sharp teeth.
You have supernaturally acute eyesight. (SInv)
You are covered in thick fur. (AC +2)
Your paws help you pounce on unaware monsters.
You are incapable of wielding weapons or throwing items.
You cannot wear armour.
You gain extra lives every three experience levels.


Message History

The ribbon worm is almost dead.
The ribbon worm barely misses you.
You barely miss the ribbon worm. You claw the ribbon worm.
You kill the ribbon worm!
Done exploring.
Done exploring.
Done exploring.
You see here a +0 club.
There is a stone staircase leading down here.
You climb downwards.
The goblin shouts!
Found a gluggy clear potion.
There is a stone staircase leading up here.
A goblin is nearby!
A goblin is nearby!
A goblin is nearby!
A goblin is nearby!
An orc wizard comes into view. It is wielding a +0 dagger.
An orc comes into view. It is wielding a +0 trident.
An orc wizard comes into view. It is wielding a +0 dagger.
The orc wizard shouts!
You hear a shout!
The goblin hits you with a +0 dagger.
An orc wizard comes into view. It is wielding a +0 dagger.
The orc shouts!
You barely miss the goblin. You claw the goblin!
You kill the goblin!
The orc wizard casts a spell at you. The magic dart hits you!
There is a stone staircase leading up here.
You climb upwards.
There is a stone staircase leading down here.
You start resting.
HP restored.
You climb downwards.
The orc wizard gestures at you while chanting.
You are confused.
The orc wizard casts a spell at you. The puff of flame hits you!
There is a stone staircase leading up here.
In your confused state, you trip and fall back down the stairs.
The orc wizard casts a spell at you. The magic dart hits you.
* * * LOW HITPOINT WARNING * * *
The orc wizard points at you and mumbles some strange words.
The magic dart hits you!
Ouch! That really hurt!
You die...
Your shape twists and changes as you die.
You rejoin the land of the living...
Found 8 gold pieces.
You enter the shallow water.
Moving in this stuff is going to be slow.
An adder comes into view.
Things that are here:
8 gold pieces; a +0 ring mail An adder is nearby!
An adder is nearby!
An adder is nearby!
You enter the shallow water.
Moving in this stuff is going to be slow.
You pounce on the unaware helpless adder!
You claw the adder!
You kill the adder!
Your Dodging skill increases to level 4!
No target in view!
No target in view!
You enter the shallow water.
Moving in this stuff is going to be slow.
You now have 116 gold pieces (gained 8).
You see here a +0 ring mail.
You enter the shallow water.
Moving in this stuff is going to be slow.
An orc wizard is nearby!
An orc wizard is nearby!
An orc wizard is nearby!
The orc wizard hits you with a +0 dagger.
You claw the orc wizard!
The orc wizard is heavily wounded.
The orc wizard completely misses you.
You closely miss the orc wizard. Your bite misses the orc wizard.
The orc wizard is heavily wounded.
The orc wizard hits you with a +0 dagger.
You are too injured to fight recklessly!
You are too injured to fight recklessly!
You are too injured to fight recklessly!
You are too injured to fight recklessly!
You barely miss the orc wizard. Your claw misses the orc wizard.
The orc wizard is heavily wounded.
The orc wizard misses you.
You scratch the orc wizard but do no damage.
Your bite misses the orc wizard.
The orc wizard is heavily wounded.
The orc wizard casts a spell at you. You resist with some effort.
You scratch the orc wizard.
The orc wizard is severely wounded.
The orc wizard hits you with a +0 dagger.
You scratch the orc wizard.
The orc wizard is almost dead.
The orc wizard gestures wildly while chanting.
The orc wizard flickers and vanishes for a moment.
You hear a shout!
You claw the orc wizard!
You kill the orc wizard!
You hear a shout!
Your Stealth skill increases to level 3!
You have reached level 4!
You feel agile.
Extra life!
An orc wizard is nearby!
An orc wizard is nearby!
An orc wizard is nearby!
An orc wizard is nearby!
You scratch the orc wizard.
The orc wizard is moderately wounded.
The orc wizard hits you with a +0 dagger.
* * * LOW HITPOINT WARNING * * *
You barely miss the orc wizard.
The orc wizard is moderately wounded.
The orc wizard hits you with a +0 dagger.
* * * LOW HITPOINT WARNING * * *
You scratch the orc wizard. You bite the orc wizard.
The orc wizard is almost dead.
The orc wizard barely misses you.
You claw the orc wizard!
You kill the orc wizard!
Your Unarmed Combat skill increases to level 4!
Items here: )) [[.
An orc is nearby!
An orc is nearby!
An orc is nearby!
An orc is nearby!
Found a blue potion.
The orc shouts!
You hear a shout!
The orc hits you with a +0 trident!
* * * LOW HITPOINT WARNING * * *
You are too injured to fight recklessly!
You are too injured to fight recklessly!
You are too injured to fight recklessly!
You are too injured to fight recklessly!
You barely miss the orc. The orc barely misses you.
You closely miss the orc. Your bite misses the orc. You scratch the orc.
The orc is lightly wounded.
The orc misses you.
You scratch the orc.
The orc is severely wounded.
The orc completely misses you.
You scratch the orc but do no damage.
The orc is severely wounded.
The orc misses you.
You scratch the orc.
You kill the orc!
An orc wizard is nearby!
An orc wizard is nearby!
An orc wizard is nearby!
An orc wizard is nearby!
There is a stone staircase leading up, spattered with blood here.
You see here the felid corpse of sleeves.
You climb upwards.
There is a stone staircase leading down here.
You start resting.
HP restored.
You see here a +0 club.
There is a stone staircase leading down here.
You climb downwards.
There is a stone staircase leading up here.
A giant cockroach is nearby!
A giant cockroach is nearby!
A giant cockroach is nearby!
A giant cockroach is nearby!
An endoplasm comes into view.
Found a scroll labelled ODAZED JAPHUTT and a scroll labelled QOYGHU XERIDY.
The endoplasm quivers.
You scratch the giant cockroach.
You kill the giant cockroach!
A hobgoblin comes into view.
You barely miss the endoplasm. You bite the endoplasm.
The endoplasm is severely wounded.
The endoplasm completely misses you.
You scratch the endoplasm.
You kill the endoplasm!
A goblin comes into view. It is wielding a +0 dagger.
A giant cockroach and a hound come into view.
Found a green potion.
The hound barks!
The hobgoblin shouts!
You barely miss the hound. You bite the hound.
The hound is moderately wounded.
The hound completely misses you.
You closely miss the hound. You bite the hound, but do no damage.
The hound is moderately wounded.
The hound closely misses you. The hound barely misses you.
You scratch the hound but do no damage.
The hound is moderately wounded.
The hound bites you.
You scratch the hound but do no damage.
The hound is moderately wounded.
The hound misses you. The hound bites you.
You are too injured to fight recklessly!
You are too injured to fight recklessly!
You are too injured to fight recklessly!
You barely miss the hound.
The hound is moderately wounded.
The hound bites you but does no damage.
You claw the hound!
The hound is severely wounded.
The hound bites you.
* * * LOW HITPOINT WARNING * * *
The hound completely misses you.
You claw the hound!
You kill the hound!
You have reached level 5!
There is a stone staircase leading up here.
The giant cockroach bites you.
* * * LOW HITPOINT WARNING * * *
You climb upwards.
There is a stone staircase leading down here.
You claw the giant cockroach!
You kill the giant cockroach!
You start resting.
HP restored.
There is a stone staircase leading down here.
You climb downwards.
The hobgoblin closely misses you.
There is a stone staircase leading up here.
There are monsters nearby!
You claw the hobgoblin!
You kill the hobgoblin!
You completely miss the goblin. Your bite misses the goblin.
The goblin misses you.
You claw the goblin!
You kill the goblin!
No target in view!
No target in view!
You see here a +0 dagger.
A dart slug is nearby!
A dart slug is nearby!
The dart slug launches a dart at you. The slug dart hits you.
You scratch the dart slug.
The dart slug is lightly wounded.
The dart slug launches a dart at you. The slug dart misses you.
You claw the dart slug!
You kill the dart slug!
No target in view!
An orc wizard is nearby!
An orc wizard is nearby!
An orc wizard is nearby!
An orc wizard is nearby!
Found a scroll labelled SEASIYKAEH.
You catch the helpless orc wizard completely off-guard!
You claw the orc wizard!
The orc wizard is almost dead.
The orc wizard casts a spell at you. The magic dart hits you.
You scratch the orc wizard.
You kill the orc wizard!
Your Stealth skill increases to level 4!
No target in view!
No target in view!
No target in view!
HP restored.
m - a scroll labelled ODAZED JAPHUTT A hobgoblin comes into view.
The hobgoblin shouts!
A hobgoblin is nearby!
A hobgoblin is nearby!
A hobgoblin is nearby!
The hobgoblin hits you.
You scratch the hobgoblin.
The hobgoblin is moderately wounded.
The hobgoblin hits you.
You claw the hobgoblin!
You kill the hobgoblin!
No target in view!
Found a stone staircase leading down.
a - 5 blue potions (gained 1)
n - a gluggy clear potion An adder comes into view.
You see here a scroll labelled QOYGHU XERIDY.
An adder is nearby!
The adder hisses angrily.
You claw the adder!
The adder is almost dead.
The adder bites you.
You are poisoned.
The adder poisons you!
You scratch the adder.
You kill the adder!
You feel sick.
No target in view!
You feel sick.
You feel sick.
You feel sick.
You feel sick.
You feel sick.
You feel sick.
You are no longer poisoned.
o - a scroll labelled QOYGHU XERIDY
p - a scroll labelled SEASIYKAEH
g - 2 green potions (gained 1)
You now have 123 gold pieces (gained 7).
Found a hand axe.
Found a stone staircase leading up.
Found a stone staircase leading down.
There is a stone staircase leading up here.
f - 3 metallic inky potions (gained 1)
An orc comes into view. It is wielding a +0 dagger.
An orc is nearby!
An orc is nearby!
An orc is nearby!
The orc shouts!
You scratch the orc.
The orc is almost dead.
The orc misses you.
You claw the orc!
You kill the orc!
No target in view!
You see here a +0 dagger.
Found a throwing net.
You see here a throwing net.
Found a leather armour.
Found a stone staircase leading down.
You see here a +0 leather armour.
q - a smoky white potion
Found a robe.
You see here a +0 robe.
You now have 132 gold pieces (gained 9).
You enter the shallow water.
Moving in this stuff is going to be slow.
You enter the shallow water.
Moving in this stuff is going to be slow.
You enter the shallow water.
Moving in this stuff is going to be slow.
l - 2 scrolls labelled ECLEHOHUOST (gained 1)
You enter the shallow water.
Moving in this stuff is going to be slow.
You enter the shallow water.
Moving in this stuff is going to be slow.
You enter the shallow water.
Moving in this stuff is going to be slow.
A hobgoblin comes into view.
The hobgoblin shouts!
A hobgoblin is nearby!
A hobgoblin is nearby!
The hobgoblin misses you. The hobgoblin closely misses you.
You scratch the hobgoblin but do no damage.
You bite the hobgoblin.
The hobgoblin is lightly wounded.
The hobgoblin hits you.
You claw the hobgoblin!
You kill the hobgoblin!
You see here a hobgoblin corpse.
A dart slug comes into view.
The dart slug launches a dart at you. The slug dart hits you.
A dart slug is nearby!
A dart slug is nearby!
You don't know any spells.
Your library has no spells.
A dart slug is nearby!
The dart slug launches a dart at you. The slug dart hits you.
The dart slug launches a dart at you. The slug dart misses you.
You scratch the dart slug. You bite the dart slug.
The dart slug is severely wounded.
The dart slug barely misses you.
A dart slug is nearby!
You scratch the dart slug. You bite the dart slug.
You kill the dart slug!
You now have 149 gold pieces (gained 17).
You see here a +0 leather armour.
Items here: )) [[.
You enter the shallow water.
Moving in this stuff is going to be slow.
You enter the shallow water.
Moving in this stuff is going to be slow.
You enter the shallow water.
Moving in this stuff is going to be slow.
You enter the shallow water.
Moving in this stuff is going to be slow.
You enter the shallow water.
Moving in this stuff is going to be slow.
You enter the shallow water.
Moving in this stuff is going to be slow.
Partly explored, can't reach some places.
No target in view!
No target in view!
Partly explored, can't reach some places.
Partly explored, can't reach some places.
Partly explored, can't reach some places.
There is a stone staircase leading down here.
You climb downwards.
There is a stone staircase leading up here.
Key pressed, stopping travel.
Found a rapier.
You see here a +0 rapier.
You open the door.
Found 3 stones.
There is an open door here.
Found a stone staircase leading down.
A quokka comes into view.
A quokka is nearby!
A quokka is nearby!
A quokka is nearby!
A goblin, a ball python and a hobgoblin come into view.
An adder comes into view.
Found 3 gold pieces and a chain mail.
The helpless quokka fails to defend itself.
You mangle the quokka!!
You kill the quokka!
The goblin shouts!
You hear a shout!
The adder hisses angrily.
The hobgoblin shouts!
You scratch the adder. You claw the adder, but do no damage.
The adder is moderately wounded.
You hear an angry hiss.
The adder misses you. The adder bites you.
An orc comes into view. It is wielding a +0 mace.
You claw the adder!
You kill the adder!
Your Dodging skill increases to level 5!
You claw the hobgoblin!
You kill the hobgoblin!
The goblin unwields a +0 club.
The goblin wields a +1 sling of flaming.
It bursts into flame!
The goblin shoots a sling bullet.
The sling bullet completely misses you. The ball python misses you.
The ball python barely misses you.
The goblin unwields a +1 sling of flaming.
It stops flaming.
The goblin wields a +0 club.
The goblin closely misses you. The ball python barely misses you.
The ball python completely misses you.
You closely miss the ball python. The ball python closely misses you.
The ball python completely misses you.
You barely miss the ball python. The ball python misses you.
The ball python closely misses you.
You scratch the ball python.
You kill the ball python!
You closely miss the orc. The orc misses you.
You scratch the orc. You bite the orc.
You kill the orc!
The goblin unwields a +0 club.
The goblin wields a +1 sling of flaming.
It bursts into flame!
The goblin shoots a sling bullet.
The sling bullet closely misses you.
The goblin unwields a +1 sling of flaming.
It stops flaming.
The goblin wields a +0 club.
The goblin closely misses you.
Things that are here:
a +0 mace; an orc corpse; a ball python corpse You scratch the goblin.
The goblin is severely wounded.
The goblin hits you with a +0 club.
You scratch the goblin.
You kill the goblin!
No target in view!
No target in view!
HP restored.
Items here: )) ††.
Found a glowing orb.
You now have 152 gold pieces (gained 3).
Things that are here:
a +0 mace; an orc corpse; a ball python corpse You open the door.
There is an open door here.
You open the door.
A hobgoblin comes into view.
Found a stone staircase leading up.
A hobgoblin is nearby!
A hobgoblin is nearby!
An orc comes into view. It is wielding a +1 heavy hand axe.
There is an open door here.
The hobgoblin hits you.
You claw the hobgoblin!
You kill the hobgoblin!
The orc shouts!
An orc comes into view. It is wielding a +0 whip.
An orc and an orc priest come into view.
The orc priest is wielding a +0 war axe of freezing.
Found 9 gold pieces.
The orc shouts!
The orc priest moves out of view.
There is an open door here.
An orc is nearby!
There is an open door here.
Things that are here:
a +0 mace; an orc corpse; a ball python corpse You claw the orc!
You kill the orc!
You see here a +1 heavy hand axe.
You scratch the orc but do no damage. The orc closely misses you.
You scratch the orc. You claw the orc.
The orc is severely wounded.
You claw the orc!
You kill the orc!
No target in view!
No target in view!
You see here a +0 short sword.
An orc comes into view. It is wielding a +0 club.
There is an open door here.
An orc is nearby!
You catch the helpless orc completely off-guard!
You claw the orc!
You kill the orc!
The orc shouts!
You scratch the orc.
The orc is almost dead.
The orc barely misses you.
You barely miss the orc.
The orc is almost dead.
The orc closely misses you.
You claw the orc!
You kill the orc!
No target in view!
You see here a +0 club.
The orc priest shouts!
There is an open door here.
An orc priest is nearby!
An orc priest is nearby!
An orc priest is nearby!
You scratch the orc priest.
The orc priest is moderately wounded.
The orc priest looks encouraged for a moment.
You claw the orc priest!
The orc priest is almost dead.
The orc priest misses you.
You claw the orc priest!
You kill the orc priest!
No target in view!
No target in view!
No target in view!
You now have 161 gold pieces (gained 9).
r - a sedimented puce potion
f - 4 metallic inky potions (gained 1)
You open the door.
An endoplasm comes into view.
Found a scale mail.
Found an escape hatch in the ceiling.
There is an open door here.
An endoplasm is nearby!
An endoplasm is nearby!
An endoplasm is nearby!
The endoplasm quivers.
You scratch the endoplasm.
You kill the endoplasm!
No target in view!
No target in view!
You open the door.
Found 7 stones.
There is an open door here.
Found a stone staircase leading down.
You now have 178 gold pieces (gained 17).
As you open the door, it creaks loudly!
There is an open door here.
There is an open door here.
You open the door.
There is an open door here.
a - 6 blue potions (gained 1)
You open the door.
There is an open door here.
Found a stone staircase leading down.
Found a stone staircase leading up.
You now have 190 gold pieces (gained 12).
You open the door.
There is an open door here.
s - a scroll labelled RARUUR PORU You open the door.
There is an open door here.
There is a stone staircase leading up here.
You open the door.
There is an open door here.
A hobgoblin comes into view.
A hobgoblin is nearby!
A hobgoblin is nearby!
A hobgoblin is nearby!
The hobgoblin shouts!
The hobgoblin barely misses you.
You claw the hobgoblin!
You kill the hobgoblin!
No target in view!
Found a hand axe.
You now have 205 gold pieces (gained 15).
There is an open door, spattered with blood here.
t - a scroll labelled UTA SAMPUMUTUA An adder comes into view.
An adder is nearby!
The adder hisses angrily.
The adder closely misses you.
You scratch the adder.
The adder is heavily wounded.
The adder completely misses you.
You miss the adder.
The adder is heavily wounded.
The adder misses you. The adder barely misses you.
You completely miss the adder.
The adder is heavily wounded.
The adder completely misses you.
An adder is nearby!
You miss the adder.
The adder is heavily wounded.
The adder misses you.
You claw the adder!
You kill the adder!
No target in view!
A jackal comes into view.
A jackal is nearby!
A jackal is nearby!
A jackal is nearby!
A jackal comes into view.
The jackal barks!
A jackal comes into view.
Found a book of Battle and a green potion.
The jackal bites you but does no damage.
The jackal barks! x2
You scratch the jackal.
The jackal is heavily wounded.
The jackal bites you.
You scratch the jackal.
You kill the jackal!
The jackal closely misses you.
You scratch the jackal.
You kill the jackal!
The jackal misses you.
You scratch the jackal.
You kill the jackal!
No target in view!
No target in view!
You pick up a book of Battle and begin reading...
You add the spells Fugue of the Fallen, Ozocubu's Armour and Manifold Assault to your library.
g - 3 green potions (gained 1)
You open the door.
A hobgoblin and 3 jackals come into view.
A jackal comes into view.
There are monsters nearby!
The jackal barks!
There is an open door here.
The hobgoblin shouts!
The jackal barks! x3
You claw the jackal!
You kill the jackal!
You scratch the jackal. You bite the jackal, but do no damage.
The jackal is almost dead.
The jackal bites you. The jackal barely misses you.
You scratch the jackal but do no damage.
You claw the jackal.
You kill the jackal!
The jackal barely misses you. The jackal completely misses you.
You have reached level 6!
Your fur grows into a thick mane.
You claw the hobgoblin!
You kill the hobgoblin!
The jackal misses you.
You claw the jackal!
You kill the jackal!
The jackal closely misses you.
You barely miss the jackal. Your bite misses the jackal. The jackal misses you.
The jackal barely misses you.
You scratch the jackal. Your bite misses the jackal.
The jackal is heavily wounded.
The jackal barely misses you.
You barely miss the jackal. Your bite misses the jackal.
The jackal is heavily wounded.
The jackal barely misses you.
You claw the jackal!
You kill the jackal!
No target in view!
No target in view!
No target in view!
No target in view!
No target in view!
Okay, then.
There is an open door here.
You open the door.
There is an open door here.
d - 4 scrolls labelled MILOESMINTA (gained 1)
You open the door.
There is an open door here.
Found 4 stones.
You open the door.
Found an escape hatch in the floor.
A goblin comes into view. It is wielding a +0 dagger.
A goblin is nearby!
The goblin shouts!
The goblin hits you but does no damage.
You claw the goblin!
You kill the goblin!
No target in view!
There is an open door here.
There is an open door here.
There is an open door here.
You open the door.
There is an open door here.
u - a wand of flame (19) Eustachio the Magnificent comes into view.
He is wielding a +0 rapier and wearing a +2 leather armour of fire resistance.
Eustachio casts a spell.
Eustachio blinks!
Eustachio is nearby!
Eustachio is nearby!
Eustachio casts a spell.
The quasit attacks as it pursues you! The quasit closely misses you. x2
The quasit completely misses you.
The crimson imp attacks as it pursues you!
The crimson imp hits you.
The crimson imp attacks as it pursues you!
The crimson imp misses you. The quasit misses you.
The quasit closely misses you. The quasit claws you.
You feel clumsy. The quasit attacks as it pursues you!
The quasit closely misses you.
The quasit misses you. x2; The crimson imp blinks!
The quasit attacks as it pursues you! The quasit completely misses you.
The quasit barely misses you. The quasit closely misses you.
The iron imp puffs mist at you.
The crimson imp blinks!
The quasit misses you.
The quasit claws you but does no damage.
The quasit closely misses you.
The crimson imp blinks!
The quasit bites you but does no damage.
The quasit closely misses you. The quasit claws you.
The quasit attacks as it pursues you! The quasit closely misses you.
The quasit misses you. The quasit closely misses you.
The quasit attacks as it pursues you! The quasit barely misses you.
The quasit closely misses you. x2
The quasit barely misses you. The quasit completely misses you.
The quasit claws you.
You feel clumsy.
Eustachio says, "My allies will avenge me."
Eustachio gestures wildly while chanting.
Eustachio blinks!
The quasit completely misses you. The quasit misses you.
The quasit closely misses you. The quasit barely misses you.
The quasit claws you. The quasit barely misses you.
The quasit attacks as it pursues you! The quasit closely misses you.
The quasit completely misses you. The quasit misses you.
The quasit attacks as it pursues you! The quasit bites you.
The quasit closely misses you. The quasit misses you. The quasit bites you.
You feel clumsy. The quasit barely misses you. x2
The quasit attacks as it pursues you! The quasit misses you.
The quasit closely misses you. The quasit claws you.
Eustachio casts a spell.
Eustachio gestures wildly while chanting.
The quasit disappears in a puff of smoke!
An ufetubus is nearby!
The ufetubus closely misses you. The ufetubus misses you.
Eustachio mumbles some strange words.
The ufetubus attacks as it pursues you! The ufetubus misses you.
The ufetubus closely misses you. The ufetubus barely misses you. x2
The ufetubus attacks as it pursues you! The ufetubus misses you. x2
The ufetubus completely misses you. The ufetubus misses you.
The ufetubus attacks as it pursues you! The ufetubus completely misses you.
The ufetubus barely misses you. The ufetubus attacks as it pursues you!
The ufetubus hits you but does no damage.
The ufetubus barely misses you. x2; The ufetubus hits you.
The ufetubus attacks as it pursues you! The ufetubus closely misses you.
The ufetubus hits you but does no damage.
There is a stone staircase leading up here.
You scratch the ufetubus. You bite the ufetubus.
The ufetubus is heavily wounded.
The ufetubus slips past you! The ufetubus barely misses you.
The ufetubus closely misses you.
You barely miss the ufetubus.
The ufetubus is heavily wounded.
The ufetubus hits you. The ufetubus misses you. x3
You claw the ufetubus!
You kill the ufetubus!
The ufetubus disappears in a puff of smoke!
You climb upwards.
There is a stone staircase leading down here.
You start resting.
HP restored.
You climb downwards.
Level annotation: Eustachio Eustachio closely misses you.
Eustachio completely misses you.
There is a stone staircase leading up here.
You claw Eustachio! Your bite misses Eustachio.
Eustachio is moderately wounded.
Eustachio gestures wildly while chanting.
You scratch Eustachio but do no damage.
Eustachio is moderately wounded.
You scratch Eustachio but do no damage.
Eustachio is moderately wounded.
Eustachio gestures wildly while chanting.
You scratch Eustachio.
Eustachio is moderately wounded.
Eustachio misses you. The quokka closely misses you.
You miss Eustachio.
Eustachio is moderately wounded.
Eustachio misses you. The quokka misses you.
You scratch Eustachio but do no damage.
Eustachio is moderately wounded.
Eustachio hits you with a +0 rapier. The quokka closely misses you.
You scratch Eustachio but do no damage. Your bite misses Eustachio.
Eustachio is moderately wounded.
The river rat twitches its whiskers.
Eustachio hits you with a +0 rapier!
The crimson imp blinks!
The quokka misses you. The quokka misses you. Eustachio barely misses you.
You climb upwards.
The crimson imp disappears in a puff of smoke!
The river rat disappears in a puff of smoke!
The quokka disappears in a puff of smoke!
There is a stone staircase leading down here.
You scratch Eustachio.
Eustachio is heavily wounded.
Eustachio mumbles some strange words.
Okay, then.
Eustachio hits you with a +0 rapier!
* * * LOW HITPOINT WARNING * * *
The quokka barely misses you.
Eustachio mumbles some strange words.
The river rat completely misses you.
Eustachio casts a spell.
Eustachio blinks!
The river rat attacks as it pursues you!
The river rat bites you.
* * * LOW HITPOINT WARNING * * *
The river rat attacks as it pursues you!
The river rat misses you.
Eustachio casts a spell.
Eustachio blinks!
The quokka bites you.
* * * LOW HITPOINT WARNING * * *
Eustachio mumbles some strange words.
Eustachio blinks!
Okay, then.
As you read the scroll labelled XIVOAN XIUKASK, it crumbles to dust.
You feel aware of your surroundings.
It was a scroll of revelation.
The quokka bites you.
You die...
Your shape twists and changes as you die.
You rejoin the land of the living...
Partly explored, can't reach some places.
Partly explored, can't reach some places.
No target in view!
No target in view!
You see here an adder skeleton.
There is a stone staircase leading down here.
You climb downwards.
There is a stone staircase leading up here.
There is an open door here.
You open the door.
There is an open door here.
An orc priest comes into view. It is wielding a +0 club.
An orc priest is nearby!
An orc priest is nearby! 4 orcs come into view.
The orc shouts! x2; The orc priest shouts!
You barely miss the orc priest.
The orc shouts!
You scratch the orc priest but do no damage.
The orc hits you with a +0 club. The orc priest misses you.
The orc attacks as it pursues you! The orc barely misses you.
There is an open door here.
The orc attacks as it pursues you! The orc misses you.
The orc attacks as it pursues you! The orc closely misses you.
The orc attacks as it pursues you! The orc closely misses you.
The orc attacks as it pursues you! The orc hits you but does no damage.
Something unseen opens the door.
The orc priest invokes the aid of Beogh against you.
Beogh smites you!
Ouch! That really hurt!
* * * LOW HITPOINT WARNING * * *
The orc attacks as it pursues you! The orc misses you.
The orc priest shouts, "Beogh offers mercy even to people such as you.
Join us and be reborn!" (press Y on the ability menu to convert to Beogh)
The orc attacks as it pursues you! The orc completely misses you.
The orc priest mumbles some strange prayers to Beogh against you.
Beogh smites you!
* * * LOW HITPOINT WARNING * * *
There is an open door here.
The orc attacks as it pursues you! The orc misses you.
There is an open door here.
The orc attacks as it pursues you! The orc hits you with a +0 club.
* * * LOW HITPOINT WARNING * * *
The orc attacks as it pursues you! The orc barely misses you.
There is a stone staircase leading up here.
You climb upwards.
Level annotation: Eustachio
There is a stone staircase leading down here.
You start resting.
HP restored.
You climb downwards.
The orc misses you. The orc barely misses you. The orc closely misses you. x2
There is a stone staircase leading up here.
The orc hits you but does no damage. The orc misses you.
You climb upwards.
Level annotation: Eustachio
There is a stone staircase leading down here.
You scratch the orc.
The orc is severely wounded.
The orc barely misses you. x2
You claw the orc!
You kill the orc!
The orc barely misses you.
You claw the orc!
You kill the orc!
No target in view!
No target in view!
No target in view!
No target in view!
No target in view!
No target in view!
No target in view!
No target in view!
You climb downwards.
The orc closely misses you. The orc hits you with a +0 flail.
There is a stone staircase leading up here.
The orc completely misses you. The orc hits you with a +0 war axe!
You climb upwards.
Level annotation: Eustachio
There is a stone staircase leading down here.
You scratch the orc.
The orc is almost dead.
The orc closely misses you.
You claw the orc!
You kill the orc!
The orc completely misses you.
You claw the orc!
You kill the orc!
No target in view!
No target in view!
No target in view!
No target in view!
No target in view!
No target in view!
No target in view!
No target in view!
No target in view!
No target in view!
No target in view!
You climb downwards.
There is a stone staircase leading up here.
HP restored.
There is an open door here.
An orc priest is nearby!
The orc priest shouts!
The orc priest closely misses you.
You closely miss the orc priest.
The orc priest mumbles some strange prayers to Beogh against you.
Pain shoots through your body!
You scratch the orc priest.
The orc priest is lightly wounded.
The orc priest closely misses you.
You scratch the orc priest but do no damage.
You bite the orc priest, but do no damage.
The orc priest is lightly wounded.
The orc priest barely misses you.
You scratch the orc priest. Your bite misses the orc priest.
The orc priest is lightly wounded.
The orc priest invokes the aid of Beogh against you.
Beogh smites you!
* * * LOW HITPOINT WARNING * * *
You are too injured to fight recklessly!
You are too injured to fight recklessly!
You are too injured to fight recklessly!
You are too injured to fight recklessly!
You are too injured to fight recklessly!
You scratch the orc priest but do no damage.
The orc priest threatens, "Beogh's wrath is as vast as their mercy.
Make your choice!"
The orc priest is lightly wounded.
The orc priest calls down the wrath of Beogh upon you.
You resist with significant effort.
The orc priest shouts, "Surrender to Beogh and we'll let you live!"
You scratch the orc priest but do no damage.
The orc priest is lightly wounded.
The orc priest invokes the aid of Beogh against you.
Beogh smites you!
* * * LOW HITPOINT WARNING * * *
You barely miss the orc priest.
The orc priest is lightly wounded.
The orc priest hits you with a +0 club.
* * * LOW HITPOINT WARNING * * *
You scratch the orc priest but do no damage.
The orc priest is lightly wounded.
The orc priest completely misses you.
You scratch the orc priest.
The orc priest shouts, "Beogh offers mercy even to people such as you.
Join us and be reborn!"
The orc priest is heavily wounded.
The orc priest invokes the aid of Beogh against you.
You resist with significant effort.
You scratch the orc priest but do no damage.
The orc priest is heavily wounded.
The orc priest shouts, "Beogh offers mercy even to people such as you.
Join us and be reborn!"
You scratch the orc priest but do no damage.
The orc priest is heavily wounded.
The orc priest shouts, "Surrender to Beogh and we'll let you live!"
The orc priest misses you.
You scratch the orc priest but do no damage.
The orc priest is heavily wounded.
The orc priest threatens, "Beogh's wrath is as vast as their mercy.
Make your choice!" The orc priest completely misses you.
You barely miss the orc priest. Your bite misses the orc priest.
The orc priest is heavily wounded.
The orc priest shouts, "The Pantheon deserves no one's loyalty.
Let us show you the true path!"
The orc priest hits you but does no damage.
You scratch the orc priest.
The orc priest is severely wounded.
The orc priest hits you with a +0 club.
You die...

###....#.....#
.##...o#.....#####
.##....#.....#...##
.##....#.....#....#
.'.....#.....'....#
.##....#..>..#....
.##.(..o.....#...#######
.......#o....#..o#.....#
.##.....o....#..h#.....#
.#...###.o...#...'.....#
##...#[#.....#...#.....#
.#.###.###...#...#.....#
...#.....#...'..)#[.<..#
.###.###.###.#...#.....#
.#[..# #)))).#...#.....#
.###.###.###.#[..#.....#
...#.....#...#...#.....#


You could see an orc priest.

Vanquished Creatures
  An orc priest (D:4)
  A hound (D:3)
  3 orc wizards (D:3)
  5 adders
  3 dart slugs
  2 ribbon worms (D:2)
  11 orcs
  2 bats (D:1)
  7 endoplasms
  4 giant cockroaches
  9 goblins
  13 hobgoblins
  7 jackals (D:4)
  3 kobolds
  A quokka (D:4)
  2 ball pythons
  4 frilled lizards
  4 rats
82 creatures vanquished.

Notes
Turn   | Place    | Note
-------+----------+-------------------------------------------
     0 | D:1      | sleeves the Felid Shapeshifter began the quest for the Orb.
     0 | D:1      | Reached XP level 1. HP: 10/10 MP: 2/2
   171 | D:1      | Reached skill level 3 in Dodging
   296 | D:1      | HP: 5/10 [goblin/+0 dagger (3)]
   300 | D:1      | HP: 2/10 [hobgoblin (4)]
   304 | D:1      | Reached skill level 1 in Stealth
   304 | D:1      | Reached XP level 2. HP: 5/14 MP: 3/3
   440 | D:1      | HP: 6/14 [frozen (5)]
   621 | D:1      | HP: 7/14 [hobgoblin (4)]
  1111 | D:2      | Reached skill level 2 in Stealth
  1111 | D:2      | Reached XP level 3. HP: 18/18 MP: 4/4
  1270 | D:2      | HP: 9/18 [ribbon worm (5)]
  1506 | D:2      | HP: 2/18 [ribbon worm (9)]
  1646 | D:3      | HP: 6/18 [orc wizard/magic dart (5)]
  1646 | D:3      | Killed from afar by an orc wizard
  1646 | D:3      | Lost a life (0 lives remaining)
  1654 | D:3      | Reached skill level 4 in Dodging
  1674 | D:3      | Reached skill level 3 in Stealth
  1674 | D:3      | Reached XP level 4. HP: 13/22 MP: 5/5
  1674 | D:3      | Gained a life (1 life remaining)
  1682 | D:3      | HP: 11/22 [orc wizard/+0 dagger (4)]
  1686 | D:3      | Reached skill level 4 in Unarmed Combat
  1719 | D:3      | HP: 10/22 [orc/+0 trident (7)]
  1813 | D:3      | HP: 8/22 [hound (6)]
  1815 | D:3      | Reached XP level 5. HP: 9/25 MP: 6/6
  1818 | D:3      | HP: 9/25 [giant cockroach (1)]
  1904 | D:3      | Reached skill level 4 in Stealth
  2641 | D:4      | Reached skill level 5 in Dodging
  3033 | D:4      | Gained mutation: You are covered in thick fur. (AC +2)
                  | [Felid growth]
  3033 | D:4      | Reached XP level 6. HP: 30/30 MP: 7/7
  3167 | D:4      | Noticed Eustachio
  3242 | D:3      | HP: 8/30 [Eustachio/+0 rapier (9)]
  3246 | D:3      | HP: 2/30 [quokka[Eustachio] (2)]
  3249 | D:3      | Slain by a quokka
  3249 | D:3      | Lost a life (0 lives remaining)
  3305 | D:4      | HP: 15/30 [orc priest/divine providence (15)]
  3307 | D:4      | HP: 7/30 [orc priest/divine providence (8)]
  3313 | D:4      | HP: 4/30 [orc/+0 club (5)]
  3465 | D:4      | HP: 10/30 [orc priest/divine providence (12)]
  3467 | D:4      | HP: 3/30 [orc priest/divine providence (8)]
  3468 | D:4      | HP: 1/30 [orc priest/+0 club (2)]
  3475 | D:4      | Slain by an orc priest

Illustrated notes

Levels and vault maps discovered:
D:1:      tarquinn_simple_flora_water_e, layout_basic
D:2:      layout_rooms
D:3:      wander_river, layout_loops_ring, chequers_serial_rivers_large_a
D:4:      layout_gridville, minmay_quantized, uniq_eustachio

Skill      XL: |  1  2  3  4  5 |
---------------+----------------+-----
Dodging        | 3 4 5 |  5.3
Stealth        | 1 2 3 4 |  4.7
Unarmed Combat | 4 |  4.6
Fighting       | |  1.0
Shapeshifting  | |  2.6

Action                     |  1- 3 |  4- 6 || total
---------------------------+-------+-------++-------
  Melee: Unarmed           |    83 |   115 ||   198
         Bite              |     4 |    11 ||    15
         Punch             |     4 |     3 ||     7
    Use: Potion            |     1 |       ||     1
         Scroll            |       |     1 ||     1
   Stab: Sleeping          |     4 |     1 ||     5
         Distracted        |       |     2 ||     2
 Armour: Skin              |    29 |    52 ||    81
  Dodge: Dodged            |    41 |   152 ||   193

Table legend: (Time is in decaauts)
 A = Elapsed time spent in this place.
 B = Non-inter-level travel time spent in this place.
 C = Inter-level travel time spent in this place.
 D = Time resting spent in this place.
 E = Time spent auto-exploring this place.
 F = Levels seen in this place.
 G = Mean time per level.
                   A        B        C        D        E       F      G
               +--------+--------+--------+--------+--------+-----+--------+
         Total |   3507 |   3356 |    151 |    287 |   2449 |   4 |  876.8 |
       Dungeon |   3507 |   3356 |    151 |    287 |   2449 |   4 |  876.8 |
               +--------+--------+--------+--------+--------+-----+--------+

Top non-repeatable levels by time:
     D:1: 1040 daAuts
     D:3: 1025 daAuts
     D:4: 724 daAuts
     D:2: 717 daAuts
